Match 45731599
Unlisted

Match 45731599
End
Construct Section Command Post
Vickers Machine Gun Team
Infantry Section
Selects Heavy Armor Battlegroup
Infantry Section
Grenade Package
Construct Field Infirmary
Infantry Section
Selects Rigorous Vehicle Training
Selects Forward Repair Assembly
Selects UNKNOWN (2162094)
Royal Engineer Section
Construct Platoon Command Post
Unlock M3 Stuart Light Tanks
M3 Stuart Light Tank
6-pounder Anti-tank Gun Team
Light Vehicle Training
Grassus88
TWtree
A1tron
Jm200092
AUS Potato
[14e]tuveuxdugateaux
0
0

Comments sign in to comment!

No comments posted yet!